cohdb
Replays
Latest Replays
All Replays
Popular Replays
Top Player Replays
Match Explorer
How It Works
Community
CoH3 Stats
Reddit
Sign in to upload your games and track your stats! →
Sign in with Steam
Match 41746313
Unlisted
Match 41746313
Overview
Messages
Build Orders
End
Scout Squad
Construct Barracks
Riflemen Squad
Scout Squad
Selects Airborne Battlegroup
Selects Pathfinders
Riflemen Squad
Riflemen Squad
Pathfinder Squad
Construct Medical Station
Selects Paratrooper Squad Paradrop
XuZhongwei
GCK
0
0
Comments
sign in to comment!
No comments posted yet!